 Dungeon Crawl Stone Soup version 0.19.1-1-g22dce08 (webtiles) character file.

21809 galech the Protected (level 12, -1/120 HPs)
             Began as a Deep Dwarf Fighter on Dec 29, 2016.
             Was a High Priest of Makhleb.
             Slain by a 15-headed hydra (3 damage)
             ... on level 2 of the Lair of Beasts.
             The game lasted 00:42:47 (9968 turns).

galech the Protected (Deep Dwarf Fighter)           Turns: 9968, Time: 00:42:48

Health: -1/120     AC: 23    Str: 21    XL:     12   Next: 57%
Magic:  1/1        EV:  5    Int:  9    God:    Makhleb [*****.]
Gold:   784        SH: 10    Dex: 19    Spells: 0 memorised, 11 levels left

rFire  + + .     SeeInvis .     Z - +7 war axe
rCold  x . .     Gourm    .     V - +1 plate armour {rF+}
rNeg   . . .     Faith    .     c - +0 shield
rPois  .         Spirit   .     v - +0 helmet (curse)
rElec  .         Reflect  .     (no cloak)
rCorr  .         Harm     .     i - +2 pair of gloves {Dex+3}
MR     +....                    R - +0 pair of boots
Stlth  ..........               (no amulet)
                                s - +1 ring of slaying
                                q - ring of fire

@: non-regenerating
A: damage resistance, recharge devices, blurry vision 1, sense surroundings 2,
slow regeneration 3
a: Device Recharging, Minor Destruction, Lesser Servant of Makhleb, Major
Destruction, Greater Servant of Makhleb, Renounce Religion


You were on level 2 of the Lair of Beasts.
You worshipped Makhleb.
Makhleb was extremely pleased with you.
You were very hungry.

You visited 3 branches of the dungeon, and saw 14 of its levels.
You also visited: Volcano.

You collected 784 gold pieces.

Inventory:

Hand Weapons
 Z - a +7 war axe (weapon)
Armour
 c - a +0 shield (worn)
 i - a +2 pair of gloves of dexterity (worn)
 k - +0 steam dragon scales
 v - a cursed +0 helmet (worn)
 N - a +0 plate armour
 O - a +0 helmet
 R - a +0 pair of boots (worn)
 V - a +1 plate armour of fire resistance (worn)
Jewellery
 j - an uncursed ring of poison resistance
 q - a ring of fire (left hand)
 s - a +1 ring of slaying (right hand)
 u - an uncursed ring of stealth
 C - an uncursed ring of poison resistance
 F - an uncursed ring of ice
 G - an uncursed ring of protection from cold
 P - an uncursed ring of wizardry
 S - an uncursed ring of ice
Wands
 e - a wand of heal wounds (3/9)
 E - a wand of paralysis (13/24)
 L - a wand of iceblast (5/15)
 T - a wand of digging (8/24)
Scrolls
 b - 2 scrolls of remove curse
 l - 3 scrolls of teleportation
 r - 2 scrolls of fear {unknown}
 t - 3 scrolls of enchant weapon {unknown}
 w - 5 scrolls of immolation {unknown}
 x - 2 scrolls of amnesia
 y - 4 scrolls of magic mapping {unknown}
 K - a scroll of enchant armour
 M - 2 scrolls of blinking
Potions
 a - a potion of brilliance {unknown}
 d - 8 potions of might
 g - 4 potions of flight {unknown}
 h - 4 potions of lignification {unknown}
 o - 2 potions of agility {unknown}
 p - 3 potions of berserk rage {unknown}
 z - 2 potions of curing {unknown}
 A - 3 potions of degeneration {unknown}
 B - a potion of magic {unknown}
 I - a potion of mutation {unknown}
 Q - a potion of haste
 U - 2 potions of resistance {unknown}
 W - 2 potions of cancellation {unknown}
Comestibles
 f - 7 bread rations
 m - 4 meat rations
 n - 2 fruits
 D - 4 beef jerkies
 H - a royal jelly
 J - 9 slices of pizza


   Skills:
 + Level 11.5 Fighting
 + Level 13.2 Axes
 + Level 13.3 Armour
 - Level 0.2 Dodging
 - Level 3.4 Shields


You had 11 spell levels left.
You didn't know any spells.

Dungeon Overview and Level Annotations

Branches:
Dungeon (11/15)            Temple (1/1) D:5            Lair (2/6) D:10
  Swamp: Lair:2-4    Shoals: Lair:2-4     Snake: Lair:2-4    Spider: Lair:2-4
    Orc: D:9-12

Altars:
Ashenzari
Cheibriados
Dithmenos
Elyvilon
Fedhas
Gozag
Hepliaklqana
Kikubaaqudgha
Makhleb
Nemelex Xobeh
Okawaru
Qazlal
Sif Muna
Trog
Uskayaw
Vehumet
Xom
Yredelemnul
Zin
The Shining One

Shops:
D:6 *

Annotations:
D:7 1 runed door


Innate Abilities, Weirdness & Mutations

You are resistant to damage.
You can recharge devices by infusing magical energy.
You passively map the area around you.
You do not regenerate.
Scrolls take you a little longer to read.


Message History

* * * LOW HITPOINT WARNING * * *
The 15-headed hydra barely misses you.
The 15-headed hydra bites you but does no damage. x4
The 15-headed hydra bites you!
* * * LOW HITPOINT WARNING * * *
The 15-headed hydra bites you but does no damage.
Unknown command.
A spiny frog comes into view.
The spiny frog gives a loud, deep croak!
The 15-headed hydra bites you but does no damage.
You block the 15-headed hydra's attack. The 15-headed hydra bites you.
The 15-headed hydra bites you but does no damage.
The 15-headed hydra bites you!
* * * LOW HITPOINT WARNING * * *
The 15-headed hydra bites you but does no damage.
The 15-headed hydra bites you!
* * * LOW HITPOINT WARNING * * *
The 15-headed hydra bites you but does no damage.
The 15-headed hydra bites you.
You die...

, ,* * ##P########. ###
## , ##* **
*###P############### * *,
........##........# ,
...:.....#........# , ,,
........##......%.# ,,
.......!#.........######
,.F.....@D.........#..#P.
,+,
.........#............>.
,....................#.#.
*
.........#.........#####
,*#.#.+..#.[..#####..# *
#*#..######.# * #### ,
...* #.. , , #.## * ##..
** * ,.+ , , *..# ,


You could see a 15-headed hydra and a spiny frog.

Vanquished Creatures
  Fannar (D:11)
  Harold (Lair:1)
  A centaur warrior (D:11)
  A hell hog (Volcano)
  Sonja (D:11)
  Urug (D:10)
  A fire crab (Volcano)
  An unseen horror (D:11)
  A hill giant (D:8)
  A lindwurm (Lair:1)
  Pikel (D:5)
  A cyclops (D:11)
  Maurice (D:9)
  A gargoyle (D:11)
  A rime drake (Lair:1)
  4 spiny frogs (Lair:1)
  2 komodo dragons
  7 blink frogs (Lair:1)
  A meliai zombie (D:10)
  3 hippogriffs
  5 yaks
  2 hungry ghosts
  10 fire bats (Volcano)
  A wyvern (D:8)
  4 hogs (D:7)
  2 steam dragons
  Grum (D:8)
  A human (D:7)
  2 water moccasins
  Duvessa (D:5)
  3 porcupines
  2 hell hounds (Volcano)
  A sky beast (D:11)
  5 ice beasts
  4 orc warriors
  3 black bears
  A phantom (D:6)
  6 ogres
  6 wolves
  6 centaurs
  3 crocodiles (Lair:1)
  A big kobold (D:11)
  10 bullfrogs
  A gnoll sergeant (D:8)
  Dowan (D:5)
  6 scorpions
  A wyvern skeleton (D:11)
  13 wights
  A howler monkey (D:9)
  2 crimson imps
  6 lava snakes (Volcano)
  A quasit (D:10)
  A bullfrog zombie (D:9)
  3 centaur zombies
  5 hounds
  A jelly (D:6)
  A bullfrog skeleton (D:8)
  2 orc wizards
  Crazy Yiuf (D:5)
  4 orc priests
  3 iguanas
  10 worker ants
  A hound zombie (D:6)
  A worker ant zombie (D:5)
  16 gnolls
  13 adders
  An adder skeleton (D:9)
  2 dart slugs
  A leopard gecko (D:9)
  28 orcs
  7 giant cockroaches
  9 hobgoblins
  9 jackals
  13 kobolds
  2 quokkas (D:2)
  3 ball pythons (D:3)
  6 bats (D:1)
  6 frilled lizards
  7 goblins
  A jackal skeleton (D:6)
  A leopard gecko skeleton (D:4)
  A leopard gecko zombie (D:7)
  8 rats
  A fungus (Lair:1)
  6 plants (D:10)
318 creatures vanquished.

Vanquished Creatures (others)
  A slave (D:5)
  A phantom (D:5)
  An orc priest (D:5)
  An orc wizard (D:5)
  An orc (D:5)
  A ball python (D:5)
  A fungus (Lair:2)
7 creatures vanquished.

Grand Total: 325 creatures vanquished

Notes
Turn   | Place    | Note
-------+----------+-------------------------------------------
     0 | D:1      | galech the Deep Dwarf Fighter began the quest for the Orb.
     0 | D:1      | Reached XP level 1. HP: 20/20 MP: 1/1
   178 | D:1      | Reached XP level 2. HP: 27/27 MP: 2/2
   572 | D:1      | Reached XP level 3. HP: 32/34 MP: 3/3
   985 | D:2      | Found a deep blue altar of Sif Muna.
  1065 | D:2      | Found a hide-covered altar of Uskayaw.
  1083 | D:2      | Reached XP level 4. HP: 24/42 MP: 4/4
  1158 | D:2      | Found a faded altar of an unknown god.
  1158 | D:2      | Found a faded altar of an unknown god.
  1163 | D:2      | Found a shattered altar of Ashenzari.
  1166 | D:2      | Found a faded altar of an unknown god.
  1167 | D:2      | Found a faded altar of an unknown god.
  1623 | D:3      | Reached XP level 5. HP: 25/50 MP: 5/5
  1659 | D:3      | Found an iron altar of Okawaru.
  1709 | D:3      | Found a glowing silver altar of Zin.
  1714 | D:3      | Found an ancient bone altar of Kikubaaqudgha.
  1714 | D:3      | Found a bloodstained altar of Trog.
  2432 | D:4      | Reached skill level 5 in Armour
  2432 | D:4      | Reached XP level 6. HP: 38/57 MP: 6/6
  2461 | D:4      | You fall through a shaft for 2 floors!
  2461 | D:6      | Noticed an ice beast
  2467 | D:5      | Entered Level 5 of the Dungeon
  2477 | D:5      | Noticed Duvessa
  2505 | D:5      | Killed Duvessa
  2513 | D:5      | Noticed Dowan
  2528 | D:5      | Killed Dowan
  2570 | D:5      | Found a staircase to the Ecumenical Temple.
  2588 | Temple   | Entered the Ecumenical Temple
  2670 | Temple   | Became a worshipper of Makhleb the Destroyer
  2894 | D:4      | Reached XP level 7. HP: 42/66 MP: 7/7
  2927 | D:4      | Reached skill level 5 in Axes
  3178 | D:5      | Reached skill level 5 in Fighting
  3200 | D:5      | Noticed Pikel
  3227 | D:5      | Killed Pikel
  3227 | D:5      | Reached XP level 8. HP: 48/76 MP: 7/7
  3272 | D:5      | Reached * piety under Makhleb
  3323 | D:5      | Found a glowing golden altar of the Shining One.
  3574 | D:5      | Found a runed door.
  3578 | D:5      | Noticed Crazy Yiuf
  3580 | D:5      | Killed Crazy Yiuf
  3585 | D:5      | Got an encrusted mace
  3588 | D:5      | Got a crude mace
  3596 | D:5      | Identified the +6 mace "Petwin" {protect, Int+6} (You found it on level 5 of the Dungeon)
  3597 | D:5      | Identified the +1 mace "Utenamof" {crush, *Contam rF- rN++ MR+++} (You found it on level 5 of the Dungeon)
  3901 | D:6      | Gained mutation: You passively map the area around you. [Deep Dwarf growth]
  3901 | D:6      | Reached XP level 9. HP: 45/85 MP: 8/8
  3912 | D:6      | Found Keacyzoag's General Store.
  4164 | D:7      | Found a white marble altar of Elyvilon.
  4234 | D:7      | Reached ** piety under Makhleb
  4356 | D:7      | Found a runed door.
  4402 | D:7      | Found a runed door.
  5131 | D:7      | Reached XP level 10. HP: 96/96 MP: 7/7
  5238 | D:7      | Found a radiant altar of Vehumet.
  5372 | D:8      | Noticed a hill giant
  5385 | D:8      | Killed a hill giant
  5545 | D:8      | Reached skill level 10 in Armour
  5686 | D:8      | Noticed Grum
  5700 | D:8      | Reached skill level 10 in Axes
  5700 | D:8      | Killed Grum
  6128 | D:9      | Reached *** piety under Makhleb
  6173 | D:9      | Got a heavily runed leather armour
  6184 | D:9      | Identified the cursed +1 leather armour of the Doge {rN+ Regen+ Dex+2} (You found it on level 9 of the Dungeon)
  6230 | D:9      | Found a hazy altar of Hepliaklqana.
  6231 | D:9      | Found a shimmering altar of Xom.
  6378 | D:9      | Noticed Maurice
  6392 | D:9      | Killed Maurice
  6590 | D:9      | Found a snail-covered altar of Cheibriados.
  6776 | D:10     | Entered Level 10 of the Dungeon
  6852 | D:10     | Found a staircase to the Lair.
  7080 | D:10     | Noticed Urug
  7115 | D:10     | Killed Urug
  7115 | D:10     | Reached XP level 11. HP: 96/106 MP: 8/8
  7148 | D:10     | Noticed a fire dragon
  7256 | D:11     | Noticed a centaur warrior
  7317 | D:11     | Reached **** piety under Makhleb
  7620 | D:11     | Gained mutation: You are partially covered in slimy green scales. (AC +2) [mutagenic meat]
  7621 | D:11     | Gained mutation: Scrolls take you a little longer to read. [mutagenic meat]
  7622 | D:11     | Gained mutation: Your muscles are strong. (Str +2) [mutagenic meat]
  7623 | D:11     | Lost mutation: Your muscles are strong. (Str +2) [mutagenic meat]
  7624 | D:11     | Lost mutation: You are partially covered in slimy green scales. (AC +2) [mutagenic meat]
  7644 | D:11     | Killed a centaur warrior
  7644 | D:11     | Reached skill level 10 in Fighting
  7685 | D:11     | Killed an unseen horror
  7831 | D:11     | Noticed Sonja
  7838 | D:11     | Killed Sonja
  8000 | D:11     | Noticed Fannar
  8039 | D:11     | Killed Fannar
  8082 | D:11     | Noticed an eight-headed hydra
  8255 | D:11     | Noticed a four-headed hydra
  8374 | Lair:1   | Entered Level 1 of the Lair of Beasts
  8557 | Lair:1   | Reached ***** piety under Makhleb
  8610 | Lair:1   | Reached XP level 12. HP: 62/118 MP: 3/3
  8696 | Lair:1   | Found a dark tunnel.
  8706 | Volcano  | Entered a volcano
  8889 | Volcano  | Noticed a hell hog
  8901 | Volcano  | Killed a hell hog
  8958 | Volcano  | Found a bloodstained altar of Trog.
  9015 | Volcano  | Found a radiant altar of Vehumet.
  9224 | Lair:1   | Noticed Harold
  9239 | Lair:1   | Killed Harold
  9823 | Lair:2   | Noticed a six-headed hydra
  9840 | Lair:2   | HP: 6/120 [17-headed hydra (4)]
  9928 | Lair:2   | Noticed a four-headed hydra
  9968 | Lair:2   | HP: 2/120 [15-headed hydra (8)]
  9968 | Lair:2   | Slain by a 15-headed hydra

Skill      XL: |  1  2  3  4  5  6  7  8  9 10 11 12 |
---------------+-------------------------------------+-----
Fighting       | 3 4 5 6 8 9 10 11 | 11.5
Axes           | 3 4 6 7 9 10 12 13 | 13.2
Armour         | 4 5 6 8 9 11 12 13 | 13.3
Dodging        | |  0.2
Shields        | |  3.4

Action                   |  1- 3 |  4- 6 |  7- 9 | 10-12 || total
-------------------------+-------+-------+-------+-------++-------
Melee: War axe           |   113 |   198 |   353 |   738 ||  1402
 Abil: Device Recharging |       |       |     3 |     8 ||    11
Evoke: Wand              |       |     2 |    12 |    36 ||    50
  Use: Scroll            |       |       |       |    11 ||    11
  Eat: Chunk             |     1 |     6 |    16 |    24 ||    47
Armor: Scale mail        |    70 |    97 |    94 |       ||   261
       Plate armour      |       |       |   103 |   702 ||   805
       Steam dragon scal |       |       |       |     8 ||     8
Dodge: Dodged            |    59 |    54 |    78 |   169 ||   360
Block: Shield            |    82 |   118 |   186 |   468 ||   854
